[Event "Kragero Resort Chess A 2019"]
[Site "Kragero"]
[Date "2019.02.20"]
[Round "1.30"]
[White "Sidali, Elias Hulleberg"]
[Black "Fossum, Oystein Boyum"]
[Result "1/2-1/2"]
[ECO "B27"]
[WhiteElo "1840"]
[BlackElo "2250"]
[Annotator "NA"]
[PlyCount "57"]
[EventDate "2019.02.20"]
[EventType "swiss"]
[EventCountry "NOR"]
[SourceTitle "playchess.com"]
[Source "ChessBase"]
[SourceQuality "1"]
[TimeControl "5400+30"]

1. e4 c5 2. Nf3 g6 3. d4 cxd4 4. Qxd4 Nf6 5. Nc3 Nc6 6. Qa4 d6 7. e5 dxe5 8. Nxe5 Qd4 9. Nxc6 Qxa4 10. Nxa4 bxc6 11. b3 Bg7 12. Bb2 O-O 13. O-O-O Ne4 14. Bxg7 Kxg7 15. Re1 Nxf2 16. Rg1 Ng4 17. h3 Nf6 18. Rxe7 Nd5 19. Re1 Be6 20. Nc5 Rae8 21. Ba6 Nf4 22. Re4 g5 23. Rge1 Nxg2 24. Nxe6+ Rxe6 25. Rxe6 fxe6 26. Rxe6 Rf6 27. Re7+ Rf7 28. Re6 Rf6 29. Re7+ 1/2-1/2

[Event "Kragero Resort Chess A 2019"]
[Site "Kragero"]
[Date "2019.02.20"]
[Round "1.31"]
[White "Nordquelle, Daniel"]
[Black "Skaslien, Ingrid"]
[Result "1-0"]
[ECO "B24"]
[WhiteElo "2235"]
[BlackElo "1828"]
[Annotator "NA"]
[PlyCount "57"]
[EventDate "2019.02.20"]
[EventType "swiss"]
[EventCountry "NOR"]
[SourceTitle "playchess.com"]
[Source "ChessBase"]
[SourceQuality "1"]
[TimeControl "5400+30"]

1. e4 c5 2. Nc3 e6 3. g3 Nc6 4. Bg2 Nf6 5. d3 Be7 6. f4 d5 7. e5 Ng8 8. Nf3 Nh6 9. O-O Bd7 10. Kh1 Nf5 11. Ne2 h5 12. d4 h4 13. g4 h3 14. gxf5 hxg2+ 15. Kxg2 cxd4 16. Nexd4 exf5 17. Be3 Nxd4 18. Qxd4 Bc6 19. Rad1 b6 20. h3 Rc8 21. Kh2 Bc5 22. Qd2 d4 23. Bg1 Qd5 24. Bxd4 Qxa2 25. Bxc5 bxc5 26. b3 Qa6 27. Ng5 O-O 28. Rfe1 Rfd8 29. Qxd8+ 1-0

[Event "Kragero Resort Chess A 2019"]
[Site "Kragero"]
[Date "2019.02.21"]
[Round "2.1"]
[White "Mihajlov, Sebastian"]
[Black "Hammer, Jon Ludvig"]
[Result "0-1"]
[ECO "C56"]
[WhiteElo "2357"]
[BlackElo "2652"]
[Annotator "RC"]
[PlyCount "90"]
[EventDate "2019.02.20"]
[EventType "swiss"]
[EventCountry "NOR"]
[SourceTitle "playchess.com"]
[Source "ChessBase"]
[SourceQuality "1"]
[TimeControl "5400+30"]

1. e4 e5 2. Nf3 Nc6 3. Bc4 Nf6 4. d4 exd4 5. O-O Bc5 6. e5 d5 7. Bb5 Ne4 8. Nxd4 O-O 9. Bxc6 bxc6 10. Be3 Bd7 11. Nd2 Qe7 12. f4 f6 13. Nxe4 dxe4 14. exf6 Rxf6 15. Qe2 Kh8 16. Qf2 Raf8 17. Rad1 Bd6 18. Ne2 c5 19. Nc3 Bc6 20. Nd5 Bxd5 21. Rxd5 Bxf4 22. Bxf4 e3 23. Qe2 Rxf4 24. Rxf4 Rxf4 25. Rd3 Re4 26. g3 h6 27. Kg2 c4 28. Rd1 Qe6 29. Rd8+ Kh7 30. Rd1 Re5 31. Re1 Qf5 32. Rf1 Qe4+ 33. Rf3 Qd5 34. Kf1 Qd2 35. c3 c6 36. h4 h5 37. a4 a5 38. Rf4 Rd5 39. Rd4 Rf5+ 40. Rf4 Rxf4+ 41. gxf4 Kg6 42. Qf3 e2+ 43. Qxe2 Qxe2+ 44. Kxe2 Kf5 45. Ke3 c5 {[%emt 0:00:11] Kd4 [%emt 00:00:18] Ke5+} 0-1

[Event "Kragero Resort Chess A 2019"]
[Site "Kragero"]
[Date "2019.02.21"]
[Round "2.2"]
[White "Lie, Kjetil A."]
[Black "Tryggestad, Andreas Garberg"]
[Result "1/2-1/2"]
[ECO "A11"]
[WhiteElo "2538"]
[BlackElo "2351"]
[Annotator "ChessBase"]
[PlyCount "60"]
[EventDate "2019.02.20"]
[EventType "swiss"]
[EventCountry "NOR"]
[SourceTitle "playchess.com"]
[Source "ChessBase"]
[SourceQuality "1"]
[TimeControl "5400+30"]

1. b3 Nf6 2. Bb2 g6 3. c4 Bg7 4. g3 c6 5. Bg2 d5 6. Nf3 O-O 7. O-O a5 8. d3 Na6 9. Nbd2 b6 10. a3 Bb7 11. Qc2 e6 12. Rad1 c5 13. e3 Qe7 14. Rfe1 Rfd8 15. cxd5 exd5 16. e4 Nc7 17. exd5 Qf8 18. d6 Ne6 19. Be5 Ng4 20. Bxg7 Qxg7 21. Qc4 Nf6 22. Ne4 Ne8 23. Bh3 Nxd6 24. Nxd6 Rxd6 25. Bxe6 Rxe6 26. Rxe6 Bxf3 27. Ree1 Bxd1 28. Rxd1 Rd8 29. Re1 Qd4 30. Re3 Kg7 1/2-1/2

[Event "Kragero Resort Chess A 2019"]
[Site "Kragero"]
[Date "2019.02.21"]
[Round "2.3"]
[White "Miedema, David"]
[Black "Malakhatko, Vadim"]
[Result "1-0"]
[ECO "C16"]
[WhiteElo "2356"]
[BlackElo "2525"]
[Annotator "ChessBase"]
[PlyCount "133"]
[EventDate "2019.02.20"]
[EventType "swiss"]
[EventCountry "NOR"]
[SourceTitle "playchess.com"]
[Source "ChessBase"]
[SourceQuality "1"]
[TimeControl "5400+30"]

1. e4 e6 2. d4 d5 3. Nc3 Bb4 4. e5 Qd7 5. Qg4 f5 6. Qh5+ Qf7 7. Qxf7+ Kxf7 8. Bd2 Bd7 9. h4 Nh6 10. a3 Be7 11. b4 b6 12. Rb1 Rc8 13. g3 Nc6 14. Nge2 a5 15. b5 Nd8 16. a4 c5 17. dxc5 Bxc5 18. Nd1 Kf8 19. f3 Nhf7 20. Bf4 h6 21. h5 Nb7 22. c3 Be7 23. g4 fxg4 24. fxg4 Nc5 25. Nb2 Bg5 26. Bg2 Rab8 27. O-O Kg8 28. Rbe1 Nb3 29. Nd3 Nd2 30. Rf2 Ne4 31. Bxe4 dxe4 32. Nb2 Rc5 33. Ng3 Bxf4 34. Rxf4 Ng5 35. Kg2 Bc8 36. Re3 Bb7 37. Ne2 Rbc8 38. c4 Rxe5 39. Kg3 Rec5 40. Nc1 Nf3 41. Nb3 R5c7 42. c5 Bd5 43. cxb6 Rc3 44. Rfxf3 exf3 45. Rxc3 Rxc3 46. Nxa5 f2+ 47. Kxf2 Rc2+ 48. Ke3 Rxb2 49. b7 Bxb7 50. Nxb7 Kf8 51. Kd3 Ke7 52. Kc3 Rb1 53. Kc4 Rc1+ 54. Kd4 Rd1+ 55. Kc4 Rc1+ 56. Kd4 Rd1+ 57. Kc5 e5 58. Na5 e4 59. Nc4 Kd7 60. a5 Kc7 61. a6 Kb8 62. b6 Ra1 63. a7+ Ka8 64. Ne3 Rc1+ 65. Kd4 Rb1 66. Nd5 Kb7 67. Kxe4 1-0

[Event "Kragero Resort Chess A 2019"]
[Site "Kragero"]
[Date "2019.02.21"]
[Round "2.6"]
[White "Notkevich, Benjamin Arvola"]
[Black "Ingebretsen, Jens E"]
[Result "1-0"]
[ECO "D25"]
[WhiteElo "2498"]
[BlackElo "2297"]
[Annotator "ChessBase"]
[PlyCount "120"]
[EventDate "2019.02.20"]
[EventType "swiss"]
[EventCountry "NOR"]
[SourceTitle "playchess.com"]
[Source "ChessBase"]
[SourceQuality "1"]
[TimeControl "5400+30"]

1. d4 d5 2. c4 dxc4 3. Nf3 Nf6 4. e3 b5 5. a4 b4 6. Bxc4 e6 7. O-O Be7 8. Nbd2 Bb7 9. a5 a6 10. Qe2 O-O 11. Rd1 Nbd7 12. Nb3 c5 13. dxc5 Qc7 14. Bd2 Nxc5 15. Bxb4 Nxb3 16. Bxe7 Nxa1 17. Bxf8 Rxf8 18. Rxa1 Ng4 19. e4 Qf4 20. Bxa6 Bxe4 21. Ra4 f5 22. h3 Nf6 23. Qd2 Qb8 24. Ng5 Rd8 25. Rd4 Rxd4 26. Qxd4 Bd5 27. Bc4 Qb4 28. b3 Qxa5 29. Qe5 Nd7 30. Qd6 Qa1+ 31. Bf1 Nf8 32. Qb8 Qc3 33. b4 h6 34. Nf3 Qc1 35. Ne5 Qa1 36. b5 Qa8 37. Qxa8 Bxa8 38. b6 Bb7 39. g3 f4 40. Bg2 f3 41. Bxf3 Bxf3 42. Nxf3 Nd7 43. b7 Nb8 44. Nd4 Kf7 45. Kg2 e5 46. Nf5 Kf6 47. Ne3 e4 48. g4 g6 49. Kg3 Ke5 50. Ng2 Nc6 51. h4 Nb8 52. Ne3 Na6 53. h5 gxh5 54. gxh5 Nb8 55. Kg4 Kd6 56. Nf5+ Kc7 57. Nxh6 Nd7 58. Kf5 Kxb7 59. Ng4 Kc6 60. Ne5+ Kd5 {Kxe4+} 1-0

[Event "Kragero Resort Chess A 2019"]
[Site "Kragero"]
[Date "2019.02.21"]
[Round "2.8"]
[White "Hauge, Lars Oskar"]
[Black "Stefansson, Vignir Vatnar"]
[Result "0-1"]
[ECO "D01"]
[WhiteElo "2476"]
[BlackElo "2263"]
[Annotator "ChessBase"]
[PlyCount "144"]
[EventDate "2019.02.20"]
[EventType "swiss"]
[EventCountry "NOR"]
[SourceTitle "playchess.com"]
[Source "ChessBase"]
[SourceQuality "1"]
[TimeControl "5400+30"]

1. d4 Nf6 2. Bg5 d5 3. e3 c5 4. Bxf6 gxf6 5. Nc3 Nc6 6. dxc5 e6 7. Qh5 Bxc5 8. O-O-O f5 9. e4 fxe4 10. Nxe4 Bd4 11. Nf3 Bg7 12. Nfg5 Ne5 13. Bb5+ Kf8 14. Nc3 h6 15. Nf3 Ng6 16. Qg4 Qa5 17. Qa4 Bxc3 18. bxc3 Qxc3 19. Bd3 Ne5 20. Nxe5 Qxe5 21. Qb4+ Kg7 22. Rhe1 Qa1+ 23. Kd2 Qf6 24. f4 Rg8 25. Re5 Bd7 26. g3 Bc6 27. Rde1 d4 28. Qxd4 Rgd8 29. Qe3 Rd5 30. Qf2 b6 31. Rxd5 Bxd5 32. Re5 Rd8 33. Ke2 Bxa2 34. Qe3 Bd5 35. f5 exf5 36. Rxf5 Qe6 37. Re5 Qg4+ 38. Ke1 Rd6 39. c3 Be6 40. Bc2 Rd8 41. Qf2 Rd5 42. Re2 Qg5 43. Re3 a5 44. h4 Qg4 45. Kf1 Bf5 46. Bb3 Rd7 47. Rf3 Be6 48. Bc2 Qc4+ 49. Kg1 Qc5 50. Re3 b5 51. g4 Kf8 52. Qf4 b4 53. Kh1 Qd5+ 54. Be4 Qc5 55. cxb4 axb4 56. Bf3 Qc1+ 57. Kh2 Qd2+ 58. Kh3 Qd4 59. Qxh6+ Ke7 60. Qg5+ Kf8 61. h5 b3 62. Qh6+ Ke7 63. Qg5+ Kf8 64. Re4 Qc3 65. Qf4 Rd3 66. Kh4 Rxf3 67. Qd6+ Kg7 68. h6+ Kh7 69. Rxe6 Rh3+ 70. Kg5 Qc1+ 71. Kf6 Rf3+ 72. Ke7 Qg5+ 0-1

[Event "Kragero Resort Chess A 2019"]
[Site "Kragero"]
[Date "2019.02.21"]
[Round "2.13"]
[White "Lund, Gunnar"]
[Black "Mikalsen, Erlend"]
[Result "1/2-1/2"]
[ECO "A01"]
[WhiteElo "2211"]
[BlackElo "2406"]
[Annotator "NA"]
[PlyCount "91"]
[EventDate "2019.02.20"]
[EventType "swiss"]
[EventCountry "NOR"]
[SourceTitle "playchess.com"]
[Source "ChessBase"]
[SourceQuality "1"]
[TimeControl "5400+30"]

1. b3 e5 2. Bb2 Nc6 3. e3 Nf6 4. Nf3 Bd6 5. d4 e4 6. Nfd2 O-O 7. c4 Re8 8. Nc3 Bb4 9. d5 Ne5 10. Qc2 d6 11. a3 Bxc3 12. Qxc3 Bf5 13. Be2 Nfd7 14. O-O Qg5 15. Kh1 Qh6 16. f4 exf3 17. gxf3 Ng6 18. f4 Nf6 19. Rae1 Re7 20. Bf3 Rae8 21. Rg1 Ne4 22. Nxe4 Bxe4 23. Bxe4 Rxe4 24. Qd2 Qh5 25. Rg3 f6 26. Reg1 Qf5 27. Bd4 R4e7 28. Qg2 Qd3 29. a4 Kh8 30. Qb2 Rf7 31. Qb1 Qxb1 32. Rxb1 Ne7 33. e4 c5 34. Bc3 Ng6 35. f5 Nh4 36. Re1 Rfe7 37. Reg1 h5 38. Bd2 Rxe4 39. Rxg7 Nf3 40. Bc3 Nxg1 41. Bxf6 Ne2 42. Rg6+ Kh7 43. Rg7+ Kh6 44. Rg6+ Kh7 45. Rg7+ Kh6 46. Rg6+ 1/2-1/2

[Event "Kragero Resort Chess A 2019"]
[Site "Kragero"]
[Date "2019.02.21"]
[Round "2.14"]
[White "Kjartansson, Gudmundur"]
[Black "Kazarian, Anna-Maja"]
[Result "1-0"]
[ECO "D02"]
[WhiteElo "2403"]
[BlackElo "2189"]
[Annotator "NA"]
[PlyCount "81"]
[EventDate "2019.02.20"]
[EventType "swiss"]
[EventCountry "NOR"]
[SourceTitle "playchess.com"]
[Source "ChessBase"]
[SourceQuality "1"]
[TimeControl "5400+30"]

1. Nf3 Nf6 2. g3 d5 3. Bg2 c5 4. O-O Nc6 5. d4 cxd4 6. Nxd4 e5 7. Nxc6 bxc6 8. c4 Be7 9. b3 O-O 10. Bb2 e4 11. cxd5 cxd5 12. Bd4 Be6 13. Qd2 Qd7 14. Nc3 Rac8 15. Rfd1 Qb7 16. Qb2 Ne8 17. Na4 Bf6 18. Qd2 Bxd4 19. Qxd4 Nd6 20. Rac1 Nf5 21. Qe5 Qe7 22. Nc3 Qa3 23. Bh3 d4 24. Bxf5 Rxc3 25. Rxc3 dxc3 26. Bxe6 c2 27. Bxf7+ Kh8 28. Rf1 c1=Q 29. Rxc1 Qxc1+ 30. Kg2 Qc6 31. Qe7 Ra8 32. h4 Qf6 33. Qxe4 Rf8 34. Bc4 Qxf2+ 35. Kh3 Qf5+ 36. Qxf5 Rxf5 37. Kg4 Rf2 38. b4 g6 39. a4 Kg7 40. a5 h5+ 41. Kh3 1-0

[Event "Kragero Resort Chess A 2019"]
[Site "Kragero"]
[Date "2019.02.21"]
[Round "2.15"]
[White "Vitenberg, Noam Aviv"]
[Black "Getz, Nicolai"]
[Result "0-1"]
[ECO "E92"]
[WhiteElo "2180"]
[BlackElo "2398"]
[Annotator "NA"]
[PlyCount "106"]
[EventDate "2019.02.20"]
[EventType "swiss"]
[EventCountry "NOR"]
[SourceTitle "playchess.com"]
[Source "ChessBase"]
[SourceQuality "1"]
[TimeControl "5400+30"]

1. Nf3 Nf6 2. c4 g6 3. Nc3 Bg7 4. e4 d6 5. d4 O-O 6. Be2 e5 7. Be3 Ng4 8. Bg5 f6 9. Bh4 Nc6 10. d5 Ne7 11. Nd2 f5 12. Bxg4 fxg4 13. Bg5 h6 14. Be3 c5 15. Rb1 g5 16. Nb3 Ng6 17. g3 a6 18. Nc1 Rf3 19. N1e2 b6 20. Qc2 Ra7 21. b4 Raf7 22. bxc5 bxc5 23. Rb8 Bf8 24. Qb2 Rc7 25. Bd2 Rff7 26. Na4 Qf6 27. O-O Qf3 28. Ba5 Rb7 29. Rxb7 Rxb7 30. Qc2 Nh4 31. gxh4 gxh4 32. Rc1 Rf7 33. Ng3 hxg3 34. hxg3 h5 35. Re1 Bh6 36. Nb6 h4 37. Qe2 hxg3 38. Qxf3 Rxf3 39. fxg3 Bb7 40. Rb1 Rxg3+ 41. Kh1 Rh3+ 42. Kg1 Be3+ 43. Kg2 Bf4 44. Rh1 Ra3 45. Be1 Rxa2+ 46. Kf1 Rb2 47. Nd7 Bc8 48. Nf6+ Kf7 49. Rh8 g3 50. Rxc8 g2+ 51. Kg1 Be3+ 52. Bf2 Bxf2+ 53. Kxg2 Bh4+ 0-1

[Event "Kragero Resort Chess A 2019"]
[Site "Kragero"]
[Date "2019.02.21"]
[Round "2.16"]
[White "Heimisson, Hilmir Freyr"]
[Black "Wedda, Dries"]
[Result "0-1"]
[ECO "D00"]
[WhiteElo "2394"]
[BlackElo "2173"]
[Annotator "NA"]
[PlyCount "94"]
[EventDate "2019.02.20"]
[EventType "swiss"]
[EventCountry "NOR"]
[SourceTitle "playchess.com"]
[Source "ChessBase"]
[SourceQuality "1"]
[TimeControl "5400+30"]

1. d4 Nf6 2. Nc3 d5 3. Bf4 a6 4. e3 e6 5. Nf3 b5 6. Bd3 Bb7 7. O-O c5 8. dxc5 Bxc5 9. Qe2 Nbd7 10. a3 Be7 11. e4 Nc5 12. e5 Nfd7 13. b4 Nxd3 14. cxd3 h5 15. Be3 g5 16. Bd4 Nb8 17. Qe3 Nc6 18. Nd2 Rh7 19. Nb3 Rc8 20. Rac1 g4 21. Bb6 d4 22. Qe4 Qxb6 23. Nd5 exd5 24. Qxh7 Nd8 25. Qxh5 Rc3 26. Rxc3 dxc3 27. Qxg4 Ne6 28. d4 Bg5 29. h4 Bh6 30. Nc5 c2 31. f4 Bxf4 32. Nxe6 Be3+ 33. Kh1 Qxe6 34. Qg8+ Ke7 35. Qb8 Qc8 36. Qd6+ Ke8 37. e6 Qxe6 38. Qb8+ Bc8 39. Qc7 c1=Q 40. Rxc1 Bxc1 41. Qxc1 Qg4 42. Qc6+ Bd7 43. Qxd5 Qxh4+ 44. Kg1 Qf4 45. Qa8+ Ke7 46. Qxa6 Qxd4+ 47. Kh2 Qd6+ 0-1

[Event "Kragero Resort Chess A 2019"]
[Site "Kragero"]
[Date "2019.02.21"]
[Round "2.17"]
[White "Bergsson, Stefan"]
[Black "Kaasen, Tor Fredrik"]
[Result "0-1"]
[ECO "B95"]
[WhiteElo "2172"]
[BlackElo "2387"]
[Annotator "NA"]
[PlyCount "92"]
[EventDate "2019.02.20"]
[EventType "swiss"]
[EventCountry "NOR"]
[SourceTitle "playchess.com"]
[Source "ChessBase"]
[SourceQuality "1"]
[TimeControl "5400+30"]

1. e4 c5 2. Nf3 d6 3. d4 cxd4 4. Nxd4 Nf6 5. Nc3 a6 6. Bg5 Nbd7 7. Be2 e6 8. O-O Be7 9. Qd2 Qc7 10. a4 b6 11. Rfe1 Bb7 12. Bf1 O-O 13. f3 Rac8 14. Be3 Rfd8 15. Bf2 Nc5 16. g4 g6 17. Rad1 e5 18. Nde2 d5 19. exd5 Nxd5 20. Nxd5 Rxd5 21. Qe3 Nxa4 22. Rxd5 Bxd5 23. Nc3 Nxc3 24. Qxc3 Qxc3 25. bxc3 Bxf3 26. Rxe5 Bf6 27. Bxa6 Ra8 28. Re3 Bxg4 29. Bd3 Rc8 30. Re1 Bxc3 31. Rb1 Ba5 32. Kg2 Be6 33. Kf3 Bc4 34. Ke4 Bxd3+ 35. cxd3 f5+ 36. Kd5 Kf7 37. d4 g5 38. Kd6 Rc2 39. Bg1 f4 40. d5 f3 41. Bxb6 Bxb6 42. Rxb6 Rxh2 43. Kc7 Rc2+ 44. Kb7 f2 45. Rb1 Rd2 46. Kc6 g4 0-1

[Event "Kragero Resort Chess A 2019"]
[Site "Kragero"]
[Date "2019.02.21"]
[Round "2.18"]
[White "Ragnarsson, Dagur"]
[Black "Unneland, Mathias"]
[Result "1-0"]
[ECO "E94"]
[WhiteElo "2361"]
[BlackElo "1890"]
[Annotator "NA"]
[PlyCount "45"]
[EventDate "2019.02.20"]
[EventType "swiss"]
[EventCountry "NOR"]
[SourceTitle "playchess.com"]
[Source "ChessBase"]
[SourceQuality "1"]
[TimeControl "5400+30"]

1. d4 Nf6 2. c4 g6 3. Nc3 Bg7 4. e4 d6 5. Nf3 O-O 6. Be2 e5 7. Be3 exd4 8. Nxd4 Re8 9. f3 Nc6 10. O-O Bd7 11. Rc1 a6 12. Qd2 Qb8 13. a3 Nxd4 14. Bxd4 b5 15. Bxf6 Bxf6 16. Nd5 Bd8 17. cxb5 Bxb5 18. Bxb5 Qxb5 19. Rc2 Rc8 20. Rfc1 f5 21. a4 Qxa4 22. Nb6 cxb6 23. Qd5+ 1-0

[Event "Kragero Resort Chess A 2019"]
[Site "Kragero"]
[Date "2019.02.21"]
[Round "2.19"]
[White "Fossum, Oystein Boyum"]
[Black "Osmak, Iulija"]
[Result "1/2-1/2"]
[ECO "A11"]
[WhiteElo "2250"]
[BlackElo "2394"]
[Annotator "NA"]
[PlyCount "120"]
[EventDate "2019.02.20"]
[EventType "swiss"]
[EventCountry "NOR"]
[SourceTitle "playchess.com"]
[Source "ChessBase"]
[SourceQuality "1"]
[TimeControl "5400+30"]

1. Nf3 d5 2. c4 c6 3. g3 Nf6 4. Bg2 Bf5 5. cxd5 cxd5 6. Qb3 Nc6 7. d3 e5 8. O-O Qd7 9. Bg5 Be7 10. Nc3 d4 11. Bxf6 Bxf6 12. Nd5 Bd8 13. Nb4 Be6 14. Qa4 Nb8 15. Qxd7+ Nxd7 16. Nd2 Ba5 17. a3 O-O-O 18. Ne4 Kb8 19. Nd6 Nc5 20. Nxb7 Nxb7 21. Nc6+ Kc7 22. Rfc1 Kd6 23. Nxa7 Bd5 24. b4 Bb6 25. Nb5+ Ke7 26. a4 Bxg2 27. Kxg2 Nd6 28. Nxd6 Rxd6 29. a5 Bd8 30. Rc5 Ke6 31. Rc8 Kd7 32. Rac1 Re8 33. Rb8 Bg5 34. Rb7+ Ke6 35. Rcc7 Re7 36. Rxe7+ Bxe7 37. b5 Rd7 38. Rb8 Rd8 39. Rb7 Rd7 40. Rb8 Ra7 41. a6 Bd6 42. Rh8 h6 43. g4 Kd5 44. Rc8 Ke6 45. h4 Kd7 46. Rg8 Kc7 47. Rxg7 Kb6 48. Rh7 Kxb5 49. Rxh6 Rxa6 50. Rf6 Be7 51. Rxf7 Bxh4 52. Rf5 Rf6 53. Rxe5+ Kc6 54. Rf5 Rxf5 55. gxf5 Kd5 56. e3 Ke5 57. Kf3 Kxf5 58. exd4 Bf6 59. Ke3 Bg5+ 60. Kf3 Bf6 {[%emt 0:00:03] Ke4+ [%emt 00:00:08] Ke5+} 1/2-1/2

[Event "Kragero Resort Chess A 2019"]
[Site "Kragero"]
[Date "2019.02.21"]
[Round "2.20"]
[White "Doluhanova, Evgeniya"]
[Black "Aarnes, Eirik"]
[Result "1/2-1/2"]
[ECO "D00"]
[WhiteElo "2348"]
[BlackElo "1843"]
[Annotator "NA"]
[PlyCount "61"]
[EventDate "2019.02.20"]
[EventType "swiss"]
[EventCountry "NOR"]
[SourceTitle "playchess.com"]
[Source "ChessBase"]
[SourceQuality "1"]
[TimeControl "5400+30"]

1. d4 d5 2. Bf4 Nf6 3. e3 e6 4. Nd2 c5 5. c3 Bd6 6. Bg3 Qc7 7. Ngf3 Nbd7 8. Bd3 b6 9. O-O O-O 10. c4 cxd4 11. exd4 Bb7 12. Rc1 Rac8 13. cxd5 Qxc1 14. Qxc1 Rxc1 15. Rxc1 Bxg3 16. dxe6 Bxf2+ 17. Kxf2 fxe6 18. Rc7 Bd5 19. Rxa7 Nb8 20. Bc4 Nc6 21. Ra3 Nb4 22. Rb3 Nc2 23. Rxb6 Nxd4 24. Bxd5 Nxd5 25. Rb7 g5 26. h3 h5 27. Kg1 Ne2+ 28. Kf2 Nd4 29. Kg1 Ne2+ 30. Kf2 Nd4 31. Kg1 1/2-1/2

[Event "Kragero Resort Chess A 2019"]
[Site "Kragero"]
[Date "2019.02.21"]
[Round "2.21"]
[White "Mashinskaya, Iulia"]
[Black "Sidali, Elias Hulleberg"]
[Result "1/2-1/2"]
[ECO "D01"]
[WhiteElo "2261"]
[BlackElo "1840"]
[Annotator "NA"]
[PlyCount "70"]
[EventDate "2019.02.20"]
[EventType "swiss"]
[EventCountry "NOR"]
[SourceTitle "playchess.com"]
[Source "ChessBase"]
[SourceQuality "1"]
[TimeControl "5400+30"]

1. d4 Nf6 2. Nc3 d5 3. Bg5 Nbd7 4. e3 h6 5. Bf4 a6 6. Nf3 e6 7. Bd3 c5 8. O-O Be7 9. Re1 O-O 10. Ne5 c4 11. Bf1 Bb4 12. Nxd7 Bxd7 13. Be5 Bxc3 14. Bxf6 Qxf6 15. bxc3 Qg6 16. Rb1 b5 17. f4 f5 18. Be2 Qf6 19. Rf1 Be8 20. g3 Qe7 21. Qc1 g5 22. Kf2 Kg7 23. Rh1 g4 24. h3 h5 25. Qb2 Bc6 26. hxg4 hxg4 27. Rh4 Rh8 28. Rbh1 Rxh4 29. Rxh4 Rh8 30. Rxh8 Kxh8 31. Qb4 Qxb4 32. cxb4 Kg7 33. c3 Kh8 34. Ke1 Kg7 35. Kd2 Kf6 1/2-1/2

[Event "Kragero Resort Chess A 2019"]
[Site "Kragero"]
[Date "2019.02.21"]
[Round "2.22"]
[White "Hobber, Anders"]
[Black "Harstad, Christian"]
[Result "1-0"]
[ECO "D02"]
[WhiteElo "2312"]
[BlackElo "1948"]
[Annotator "NA"]
[PlyCount "77"]
[EventDate "2019.02.20"]
[EventType "swiss"]
[EventCountry "NOR"]
[SourceTitle "playchess.com"]
[Source "ChessBase"]
[SourceQuality "1"]
[TimeControl "5400+30"]

1. d4 Nf6 2. Bf4 e6 3. e3 c5 4. Nd2 Nc6 5. Ngf3 d5 6. c3 Bd6 7. Bg3 Bxg3 8. hxg3 Qb6 9. Rb1 Bd7 10. Bd3 cxd4 11. exd4 Qc7 12. Qe2 O-O-O 13. Ne5 Nxe5 14. dxe5 Ne8 15. f4 f6 16. Nf3 h6 17. O-O Qc5+ 18. Qf2 Qxf2+ 19. Kxf2 Rf8 20. Ke3 f5 21. Nd4 Nc7 22. Be2 g5 23. Rh1 Rh8 24. Rh2 gxf4+ 25. gxf4 Rdg8 26. Rbh1 Rg6 27. Kf2 a6 28. g4 fxg4 29. Kg3 Bb5 30. Nxb5 axb5 31. Bd3 Rg7 32. Rxh6 Rhg8 33. Rh8 Na6 34. f5 exf5 35. Bxf5+ Kc7 36. R1h7 Rxh7 37. Rxh7+ Kc6 38. b4 Nc7 39. Rh6+ 1-0

[Event "Kragero Resort Chess A 2019"]
[Site "Kragero"]
[Date "2019.02.21"]
[Round "2.23"]
[White "Skotheim, Andreas"]
[Black "Schouten, Mathias Lind"]
[Result "0-1"]
[ECO "A36"]
[WhiteElo "2168"]
[BlackElo "1943"]
[Annotator "NA"]
[PlyCount "69"]
[EventDate "2019.02.20"]
[EventType "swiss"]
[EventCountry "NOR"]
[SourceTitle "playchess.com"]
[Source "ChessBase"]
[SourceQuality "1"]
[TimeControl "5400+30"]

1. c4 c5 2. g3 Nc6 3. Nc3 g6 4. Bg2 Bg7 5. Nf3 e6 6. e4 Nge7 7. O-O O-O 8. Ne1 a6 9. a3 Rb8 10. Nc2 b5 11. cxb5 axb5 12. b4 d5 13. exd5 exd5 14. Rb1 c4 15. a4 bxa4 16. b5 Na7 17. Ba3 Bxc3 18. dxc3 Nxb5 19. Bb4 Be6 20. Ra1 Qd7 21. Ne3 Rfd8 22. Qxa4 Nc6 23. Rfd1 Nxb4 24. Qxb4 Nd4 25. Qa3 Rb3 26. Qa2 Nb5 27. Nxd5 Bxd5 28. Bxd5 Qc7 29. Qd2 Kg7 30. Ra4 Qe5 31. Rxc4 Nxc3 32. Rd4 Ne2+ 33. Kf1 Nxd4 34. Bxb3 Qe4 35. f4 0-1

[Event "Kragero Resort Chess A 2019"]
[Site "Kragero"]
[Date "2019.02.21"]
[Round "2.25"]
[White "Rishovd, Svein"]
[Black "Gudmundsson, Bjorgvin S"]
[Result "0-1"]
[ECO "A12"]
[WhiteElo "2116"]
[BlackElo "1941"]
[Annotator "NA"]
[PlyCount "132"]
[EventDate "2019.02.20"]
[EventType "swiss"]
[EventCountry "NOR"]
[SourceTitle "playchess.com"]
[Source "ChessBase"]
[SourceQuality "1"]
[TimeControl "5400+30"]

1. Nf3 d5 2. e3 Nf6 3. c4 c6 4. b3 Bf5 5. Bb2 e6 6. Be2 Be7 7. O-O O-O 8. Nh4 Bg6 9. Nxg6 hxg6 10. d4 Nbd7 11. Nc3 a6 12. f3 c5 13. cxd5 exd5 14. Qd2 cxd4 15. exd4 Bd6 16. Bd3 Re8 17. Rfe1 Qc7 18. Rxe8+ Rxe8 19. g3 Nf8 20. Ne2 Qe7 21. Kf2 Bb4 22. Bc3 Bd6 23. Re1 Nh5 24. Nc1 Ne6 25. Bf1 Rc8 26. Ne2 Qf6 27. Qd3 Qf5 28. Rd1 Nf6 29. Qxf5 gxf5 30. Bh3 g6 31. Ke3 Kg7 32. Kd3 Rh8 33. Bg2 Rxh2 34. Rg1 Nh5 35. Be1 Kf8 36. f4 Nf6 37. Nc3 Nc7 38. Bf3 Ne4 39. Rg2 Rh3 40. Ke2 Rh1 41. Bd2 Rh3 42. Be1 Ke8 43. Rg1 Rh2+ 44. Rg2 Rh1 45. Bd2 a5 46. Nd1 Bb4 47. Bxe4 fxe4 48. Bxb4 axb4 49. Kd2 Ke7 50. Ne3 Kd6 51. Nc2 Nb5 52. Ke3 Rc1 53. g4 Rd1 54. Rd2 Rg1 55. Nxb4 Rxg4 56. Rc2 Rg3+ 57. Kf2 Rf3+ 58. Kg2 Nxd4 59. Rd2 Kc5 60. Nc2 Nxc2 61. Rxc2+ Kd6 62. Rc8 Rxf4 63. Rd8+ Kc6 64. Rc8+ Kd7 65. Rb8 Kc7 66. Re8 d4 0-1

[Event "Kragero Resort Chess A 2019"]
[Site "Kragero"]
[Date "2019.02.21"]
[Round "2.26"]
[White "Fivelstad, Jon Olav"]
[Black "Abdrlauf, Elham"]
[Result "0-1"]
[ECO "B11"]
[WhiteElo "1900"]
[BlackElo "2105"]
[Annotator "NA"]
[PlyCount "56"]
[EventDate "2019.02.20"]
[EventType "swiss"]
[EventCountry "NOR"]
[SourceTitle "playchess.com"]
[Source "ChessBase"]
[SourceQuality "1"]
[TimeControl "5400+30"]

1. e4 c6 2. Nf3 d5 3. Nc3 dxe4 4. Nxe4 Nf6 5. Ng3 h5 6. h4 Bg4 7. Be2 Nbd7 8. Ng5 Bxe2 9. Qxe2 e6 10. b3 g6 11. Bb2 Bg7 12. O-O-O O-O 13. Kb1 a5 14. a3 b5 15. f3 a4 16. Rc1 axb3 17. cxb3 Qc7 18. Nxe6 Qxg3 19. Nxg7 Qd6 20. Nf5 gxf5 21. Qe3 f4 22. Qc3 c5 23. Qc2 c4 24. bxc4 bxc4 25. Qxc4 Rfb8 26. Ka2 Ne5 27. Qc5 Rxb2+ 28. Kxb2 Nd3+ 0-1

[Event "Kragero Resort Chess A 2019"]
[Site "Kragero"]
[Date "2019.02.21"]
[Round "2.27"]
[White "Lund, Terje"]
[Black "Boe, Oeyvind"]
[Result "1/2-1/2"]
[ECO "E12"]
[WhiteElo "2099"]
[BlackElo "1908"]
[Annotator "NA"]
[PlyCount "89"]
[EventDate "2019.02.20"]
[EventType "swiss"]
[EventCountry "NOR"]
[SourceTitle "playchess.com"]
[Source "ChessBase"]
[SourceQuality "1"]
[TimeControl "5400+30"]

1. d4 Nf6 2. c4 e6 3. Nf3 b6 4. a3 Bb7 5. Nc3 d5 6. cxd5 Nxd5 7. Qc2 c5 8. e4 Nxc3 9. bxc3 Nd7 10. Bd3 g6 11. O-O Bg7 12. Bg5 Qc7 13. Qd2 O-O 14. Bh6 Rfd8 15. Bxg7 Kxg7 16. Qe3 Rac8 17. Rfd1 Nf6 18. Rac1 Qc6 19. Ne5 Qa4 20. Qf4 cxd4 21. g4 Rf8 22. cxd4 Qxd4 23. Rxc8 Bxc8 24. Rc1 Nd5 25. Qg3 Nc3 26. Nc6 Qc5 27. Qe5+ Qxe5 28. Nxe5 Na4 29. Rc7 Nc5 30. Bc2 Kf6 31. Nf3 Bb7 32. g5+ Kg7 33. Ne5 Bxe4 34. Rxc5 bxc5 35. Bxe4 f5 36. gxf6+ Rxf6 37. Nd7 Rf7 38. Nxc5 Kf6 39. Nd3 e5 40. f3 Rc7 41. Nb4 Rc1+ 42. Kg2 Ra1 43. Nc2 Ra2 44. Kf2 Rb2 45. Kg3 1/2-1/2